 Dungeon Crawl Stone Soup version 0.17-a0-1504-gb7d9117 (webtiles) character file.

421 Quicklebendig the Shield-Bearer (level 6, -8/56 HPs)
             Began as a Hill Orc Fighter on July 8, 2015.
             Was an Initiate of the Shining One.
             Mangled by an ogre
             ... wielding a +0 giant club
              (14 damage)
             ... on level 5 of the Dungeon.
             The game lasted 00:11:20 (3415 turns).

Quicklebendig the Shield-Bearer (Hill Orc Fighter)  Turns: 3415, Time: 00:11:20

Health: -8/56      AC: 13    Str: 21    XL:     6   Next: 94%
Magic:  6/6        EV:  7    Int:  8    God:    the Shining One [......]
Gold:   165        SH: 10    Dex: 10    Spells: 1 memorised, 0 levels left

rFire  x . .     SeeInvis .     C - +0 hammer
rCold  + . .     Clarity  .     f - +0 plate armour
rNeg   . . .     SustAt   .     c - +0 shield
rPois  .         Gourm    .     (no helmet)
rElec  .         Spirit   .     i - +0 cloak
rCorr  .         Warding  .     (no gloves)
rMut   .         Stasis   .     (no boots)
MR     .....                    (no amulet)
Stlth  ..........               q - ring of ice
                                h - +3 ring of evasion

@: not resistant to hostile enchantments, extremely unstealthy
A: no striking features
a: Renounce Religion


You were on level 5 of the Dungeon.
You worshipped the Shining One.
The Shining One was noncommittal.
You were not hungry.

You visited 2 branches of the dungeon, and saw 6 of its levels.

You collected 165 gold pieces.

Inventory:

Hand weapons
 C - a +0 hammer (weapon)
Missiles
 p - 10 tomahawks (quivered)
Armour
 b - a +0 scale mail
 c - a +0 shield (worn)
 f - a +0 plate armour (worn)
 i - a +0 cloak (worn)
 y - a +2 ring mail of poison resistance
Jewellery
 h - a +3 ring of evasion (left hand)
 l - an uncursed ring of teleportation
 m - an uncursed ring of ice
 q - a ring of ice (right hand)
Scrolls
 g - 4 scrolls of identify
 o - 2 scrolls of fear
 s - a scroll of noise {unknown}
 t - a scroll of remove curse
 x - a scroll of teleportation {unknown}
 A - a scroll of blinking {unknown}
Potions
 j - 5 potions of curing
 k - 2 potions of brilliance {unknown}
 n - 3 potions of agility {unknown}
 r - a potion of heal wounds {unknown}
 u - a potion of cancellation {unknown}
 v - 2 potions of magic {unknown}
Books
 a - a book of Enchantments

   Spells                             Type                      Level
   a - Cause Fear                     Hexes                        4
   b - Silence                        Hexes/Air                    5
   c - Deflect Missiles               Charms/Air                   6
   d - Haste                          Charms                       6
   e - Discord                        Hexes                        8
Comestibles
 e - a bread ration
 w - 2 royal jellies


   Skills:
 + Level 5.0 Fighting
   Level 5.0 Axes
 + Level 4.9 Armour
 - Level 0.1 Dodging
 + Level 0.3 Stealth
 + Level 5.4 Shields


You couldn't memorise any spells.
You knew the following spells:

 Your Spells              Type           Power        Failure   Level  Hunger
a - Silence               Hex/Air        #.........   100%        5    ######.


Dungeon Overview and Level Annotations

Branches:
Dungeon (5/15)             Temple (1/1) D:4

Altars:
Cheibriados
Elyvilon
Nemelex Xobeh
Sif Muna
Xom
The Shining One


Message History

You hit the ogre.
The ogre is moderately wounded.
You block the ogre's attack.
You hit the ogre.
The ogre is moderately wounded.
The ogre hits you with a giant club!
You thump the ogre!
The ogre is severely wounded.
The ogre hits you with a giant club.
You hit the ogre but do no damage.
The ogre is severely wounded.
You block the ogre's attack.
You barely miss the ogre.
The ogre is severely wounded.
The ogre hits you with a giant club!
* * * LOW HITPOINT WARNING * * *
You hit the ogre but do no damage.
The ogre is severely wounded.
The ogre hits you with a giant club!
You die...

### ..# #.# #.#
#.####.#####.#
#.....@O.....#
######.####### #.#
#.# #.# #.#
#.################
#..............#.#
##................


You could see an ogre.

Vanquished Creatures
  A big kobold (D:4)
  An orc priest (D:4)
  Crazy Yiuf (D:4)
  Ijyb (D:3)
  2 orc wizards
  A worker ant (D:5)
  Robin (D:3)
  5 adders
  A worm (D:2)
  3 giant geckos
  16 orcs
  A ball python (D:1)
  3 bats
  19 goblins
  10 hobgoblins
  4 jackals (D:4)
  5 giant cockroaches
  2 giant newts
  31 kobolds
  A quokka (D:4)
  A quokka skeleton (D:4)
  14 rats
  2 plants (D:4)
126 creatures vanquished.

Vanquished Creatures (others)
  A rat (D:4)
  3 plants (D:4)
4 creatures vanquished.

Grand Total: 130 creatures vanquished

Notes
Turn   | Place    | Note
--------------------------------------------------------------
     0 | D:1      | Quicklebendig the Hill Orc Fighter began the quest for the Orb.
     0 | D:1      | Reached XP level 1. HP: 19/19 MP: 1/1
    82 | D:1      | Reached XP level 2. HP: 22/27 MP: 2/2
   121 | D:1      | Reached skill level 4 in Fighting
   256 | D:1      | Reached XP level 3. HP: 31/33 MP: 3/3
   769 | D:2      | Found a faded altar to an unknown god.
   876 | D:2      | Reached XP level 4. HP: 36/40 MP: 4/4
  1095 | D:3      | Noticed Ijyb
  1122 | D:3      | Killed Ijyb
  1137 | D:3      | Reached XP level 5. HP: 41/46 MP: 5/5
  1199 | D:3      | Noticed Robin
  1273 | D:3      | Killed Robin
  1661 | D:3      | Found a sparkling altar of Nemelex Xobeh.
  1874 | D:4      | Reached XP level 6. HP: 33/53 MP: 6/6
  1881 | D:4      | Reached skill level 5 in Shields
  2114 | D:4      | Found a staircase to the Ecumenical Temple.
  2136 | Temple   | Entered the Ecumenical Temple
  2146 | Temple   | Became a worshipper of the Shining One
  2511 | D:4      | Reached skill level 5 in Axes
  3076 | D:4      | Noticed Crazy Yiuf
  3093 | D:4      | Killed Crazy Yiuf
  3155 | D:5      | Entered Level 5 of the Dungeon
  3174 | D:5      | Reached skill level 5 in Fighting
  3400 | D:5      | Learned a level 5 spell: Silence
  3415 | D:5      | Mangled by an ogre

Vault maps used:
D:1:      dpeg_arrival_pits, hangedman_decor_slide_cut
D:2:      ecumenical_altar_2
D:3:      nemelex_diamond_rough_becter, uniq_robin, uniq_iyjb
D:4:      kennysheep_kobold_camp, minmay_temple_entry_glassed_door,
          lemuel_another_geyser, uniq_crazy_yiuf_cottage
D:5:      nicolae_ru_great_annihilating_truth, first_bread, serial_bayou_pond_e,
          wad_floor_pattern_untrapped
Temple:   grunt_circular_temple_18

Action                   |  1- 3 |  4- 6 || total
-------------------------+-------+-------++-------
Melee: War axe           |   126 |   312 ||   438
       Hammer            |       |    36 ||    36
  Use: Scroll            |     4 |       ||     4
       Potion            |       |     1 ||     1
  Eat: Chunk             |       |     2 ||     2
       Meat ration       |       |     2 ||     2
